 Dungeon Crawl Stone Soup version 0.27-a0-1206-g6342a01c75 (webtiles) character file.

Game seed: 5292792062311810415

3346 Glokmah the Frost Mage (level 10, -17/76 HPs)
             Began as a Human Ice Elementalist on June 5, 2021.
             Was an Initiate of Sif Muna.
             Demolished by a two-headed ogre
             ... wielding a +0 giant spiked club
              (39 damage)
             ... on level 8 of the Dungeon.
             The game lasted 00:23:27 (10182 turns).

Glokmah the Frost Mage (Human Ice Elementalist)    Turns: 10182, Time: 00:23:28

Health: -17/76     AC:  3    Str:  8    XL:     10   Next: 22%
Magic:  9/19       EV: 12    Int: 19    God:    Sif Muna [......]
Gold:   310        SH:  0    Dex: 14    Spells: 10/21 levels left

rFire    x . .     SeeInvis .   a - +3 flail (holy)
rCold    + . .     Faith    .   (no shield)
rNeg     . . .     Spirit   .   h - +1 robe
rPois    .         Reflect  .   (no helmet)
rElec    .         Harm     .   (no cloak)
rCorr    .         Rampage  .   (no gloves)
Will     .....                  (no boots)
Stlth    ++........             t - amulet of magic regeneration
HPRegen  0.22/turn              m - ring of ice
MPRegen  0.41/turn              (no ring)

@: no status effects
A: no striking features
a: Renounce Religion


You were on level 8 of the Dungeon.
You worshipped Sif Muna.
Sif Muna was noncommittal.
You visited 2 branches of the dungeon, and saw 9 of its levels.
You also visited: Sewer and Ossuary.

You collected 310 gold pieces.

Inventory:

Hand Weapons
 a - a +3 flail of holy wrath (weapon)
 b - a +2 spear of venom
 c - a +2 whip of electrocution
Missiles
 v - 2 throwing nets
 y - 5 boomerangs
Armour
 h - a +1 robe (worn)
Jewellery
 m - a ring of ice (left hand)
 o - an amulet of guardian spirit
 t - an amulet of magic regeneration (around neck)
 B - a ring of positive energy
 C - a ring of positive energy
Wands
 u - a wand of iceblast (8)
 D - a wand of digging (3)
 F - a wand of flame (12)
Scrolls
 d - 6 scrolls of blinking
 e - a scroll of silence
 f - a scroll of immolation
 i - 3 scrolls of noise
 n - a scroll of torment
 p - 3 scrolls of teleportation
 r - 3 scrolls of fear
 w - a scroll of amnesia
 A - a scroll of identify
Potions
 g - a potion of invisibility
 j - 5 potions of curing
 k - a potion of mutation {unknown}
 l - a potion of might
 q - 2 potions of attraction
 s - 2 potions of lignification
 x - 2 potions of flight
 z - 4 potions of heal wounds
 E - 2 potions of magic


   Skills:
 + Level 6.2 Fighting
 - Level 2.0 Dodging
 - Level 2.0 Stealth
 + Level 6.2 Spellcasting
 + Level 4.8 Conjurations
 * Level 10.0 Ice Magic


You had 10 spell levels left.
You knew the following spells:

 Your Spells              Type           Power      Damage    Failure   Level
a - Freeze                Ice            100%       1d11      1%          1
b - Frozen Ramparts       Ice            100%       1d12      1%          3
c - Ozocubu's Armour      Ice            60%        N/A       1%          3
d - Hailstorm             Conj/Ice       50%        3d11      5%          4

Your spell library contained the following spells:

 Spells                   Type           Power      Damage    Failure   Level
 Metabolic Englaciation   Hex/Ice        18%        N/A       36%         5


Dungeon Overview and Level Annotations

Branches:
Dungeon (8/15)             Temple (1/1) D:7           Sewer (visited)
Ossuary (visited)
   Lair: D:8-11

Altars:
Ashenzari
Cheibriados
Dithmenos
Elyvilon
Gozag
Kikubaaqudgha
Makhleb
Nemelex Xobeh
Okawaru
Qazlal
Ru
Sif Muna
Trog
Uskayaw
Vehumet
Xom
Yredelemnul
Zin
The Shining One


Message History

You kill the killer bee!
Sif Muna accepts your kill.
Your Ice Magic skill increases to level 10!
Casting: Hailstorm (dangerous; 5% risk of failure)
Confirm with . or Enter, or press ? or * to list all spells.
Aiming: Freeze (safe; 1% risk of failure)
Press: ? - help, Shift-Dir - straight line, f - troll
Aim: a troll (severely wounded)
Okay, then.
Casting: Freeze (safe; 1% risk of failure)
Confirm with . or Enter, or press ? or * to list all spells.
Casting: Hailstorm (dangerous; 5% risk of failure)
Press: ? - help, Dir - look around, f - activate You feel a surge of power!
A cannonade of hail descends around you!
The hail pelts the two-headed ogre!
The two-headed ogre is severely wounded.
The hail pelts the centaur!
The centaur is severely wounded.
You feel sick.
The wall freezes the two-headed ogre.
The wall freezes the troll!
The troll misses you. The troll barely misses you. The troll claws you.
The wall freezes the centaur.
Unknown command.
Casting: Hailstorm (dangerous; 5% risk of failure)
Confirm with . or Enter, or press ? or * to list all spells.
Aiming: Freeze (safe; 1% risk of failure)
Press: ? - help, Shift-Dir - straight line, f - troll
Aim: a troll (almost dead)
Okay, then.
Okay, then.
Your frozen ramparts will break if you move.
Continue?
The frozen ramparts melt away as you move.
You feel sick.
You feel sick.
You feel sick.
You feel sick.
You are no longer poisoned.
The two-headed ogre hits you with a +0 giant spiked club!!!
Ouch! That really hurt!
You die...

.# ♣. ... #.# .# .♣♣..
.. #.# .....## .##.##
#....... #.#..#
#...##.....###.#..#
....#####......<#
##..#.#...###.##.#######
.......................#
.##.#..#......##@###
.......##.###.##O#
.#.....##.# #.##T#
.#.....##.# #.##c#
.#.....##.###.##.#####.#
.#..............o......#
.#............##.#####.#
.....>....######.......#
..........# #...##.###


You could see a two-headed ogre, a troll, an orc warrior and a centaur.

Vanquished Creatures
  A troll (D:6)
  Edmund (D:4)
  An orc warrior (D:6)
  3 ogres
  A centaur (D:5)
  2 necrophages (D:6)
  2 elf zombies (Ossuary)
  2 kobold brigands
  2 bullfrogs
  3 scorpions
  A wyvern zombie (D:8)
  6 killer bees
  5 wights (D:7)
  2 centaur zombies
  A bullfrog zombie (D:5)
  7 hounds
  4 human zombies (Ossuary)
  A jelly (D:6)
  3 orc priests
  A bullfrog skeleton (D:4)
  2 gnoll shamans
  A centaur skeleton (D:7)
  Jessica (D:3)
  Natasha (thrice) (D:4)
  An iguana (D:2)
  2 orc wizards
  A killer bee zombie (D:7)
  A hound skeleton (D:4)
  3 mummies
  11 gnolls
  11 adders
  A shadow imp (D:6)
  An ufetubus (D:4)
  4 adder zombies
  3 adder skeletons
  3 worms
  A dart slug (D:3)
  13 orcs
  4 bat skeletons (D:2)
  4 endoplasms
  8 giant cockroaches
  7 goblins
  6 hobgoblins
  13 jackals
  5 quokkas
  8 ball pythons
  6 bats
  3 frilled lizards
  2 giant cockroach zombies (D:2)
  7 hobgoblin zombies (Ossuary)
  3 jackal zombies (Ossuary)
  19 kobolds
  11 kobold zombies (Ossuary)
  8 orc zombies (Ossuary)
  12 rats
238 creatures vanquished.

Vanquished Creatures (others)
  3 plants (D:1)
  2 withered plants (D:2)
5 creatures vanquished.

Grand Total: 243 creatures vanquished

Notes
Turn   | Place    | Note
-------+----------+-------------------------------------------
     0 | D:1      | Glokmah the Human Ice Elementalist began the quest for the
                  | Orb.
     0 | D:1      | Reached XP level 1. HP: 13/13 MP: 3/3
   206 | D:1      | Reached XP level 2. HP: 17/20 MP: 3/5
   652 | D:1      | Reached XP level 3. HP: 21/25 MP: 2/6
   817 | D:1      | Learned a level 3 spell: Frozen Ramparts
   851 | D:1      | Reached skill level 1 in Fighting
  1342 | D:2      | Reached XP level 4. HP: 21/32 MP: 1/7
  2015 | D:2      | Reached skill level 5 in Ice Magic
  2017 | D:2      | Reached XP level 5. HP: 38/38 MP: 4/9
  2023 | D:2      | Learned a level 3 spell: Ozocubu's Armour
  2721 | D:3      | Reached XP level 6. HP: 28/45 MP: 3/10
  3077 | D:3      | Noticed Jessica
  3090 | D:3      | Killed Jessica
  3508 | D:3      | Reached skill level 6 in Ice Magic
  3890 | D:4      | Found a hide-covered altar of Uskayaw.
  3903 | D:4      | Reached XP level 7. HP: 50/52 MP: 5/12
  3914 | D:4      | Noticed Edmund
  3924 | D:4      | Killed Edmund
  3930 | D:4      | Noticed Natasha
  3942 | D:4      | Killed Natasha
  3959 | D:4      | Found a glowing silver altar of Zin.
  4014 | D:4      | Found a sand-covered staircase.
  4022 | Ossuary  | Entered an ossuary
  4378 | Ossuary  | Learned a level 4 spell: Hailstorm
  4471 | Ossuary  | Reached skill level 7 in Ice Magic
  4485 | Ossuary  | Reached XP level 8. HP: 6/60 MP: 2/14
  4696 | Ossuary  | Reached skill level 1 in Conjurations
  4980 | D:4      | Noticed Natasha
  5219 | D:4      | Killed Natasha
  5569 | D:4      | Noticed Natasha
  5577 | D:4      | Killed Natasha
  5801 | D:5      | Entered Level 5 of the Dungeon
  6109 | D:5      | Found a shadowy altar of Dithmenos.
  6351 | D:5      | Reached skill level 8 in Ice Magic
  6927 | D:5      | Reached skill level 5 in Spellcasting
  6927 | D:5      | Reached XP level 9. HP: 67/67 MP: 10/16
  6998 | D:6      | Found a glowing drain.
  7007 | Sewer    | Entered a sewer
  7365 | Sewer    | Found a white marble altar of Elyvilon.
  7474 | D:6      | Reached skill level 5 in Fighting
  7604 | D:6      | Noticed a troll
  7621 | D:6      | Killed a troll
  7622 | D:6      | Reached skill level 9 in Ice Magic
  8733 | D:7      | Found a staircase to the Ecumenical Temple.
  8744 | Temple   | Entered the Ecumenical Temple
  8831 | Temple   | Became a worshipper of Sif Muna the Loreminder
  8862 | D:7      | Reached XP level 10. HP: 76/76 MP: 15/18
  8887 | D:7      | Found an iron altar of Okawaru.
  9365 | D:7      | Found a snail-covered altar of Cheibriados.
 10170 | D:8      | Noticed a two-headed ogre
 10175 | D:8      | Reached skill level 10 in Ice Magic
 10182 | D:8      | Demolished by a two-headed ogre

Illustrated notes

Levels and vault maps discovered:
D:1:      ebering_trefoil_twist, layout_loops_ring,
          minmay_misc_feat_more_columns, lexackson_kobold_supper
D:2:      layout_basic, serial_undead, serial_undead_f, serial_undead_e,
          serial_undead_b, serial_undead_e, serial_undead_c, serial_undead_d,
          serial_undead_f, serial_undead_e, serial_undead_c, serial_undead_c
D:3:      layout_loops_cross, uniq_jessica
D:4:      layout_loops_cross, zin_academy, overflow_temple_1_default,
          enter_ossuary_1, uniq_edmund, uniq_natasha
D:5:      kennysheep_six_static_rooms, layout_basic, kennysheep_little_box
D:6:      layout_gridville, portal_sewer_entry_d
D:7:      layout_loops_cross, slow_altar_2, okawaru_metal_pillars_3,
          minmay_temple_entry_glassed_door, minmay_misc_feat_diagonals,
          kennysheep_nondescript, feat_on_display
D:8:      layout_basic, nicolae_wu_jian_wuxing_cycle, minmay_fractal_squares_5
Temple:   zaba_magenta_temple

Skill      XL: |  1  2  3  4  5  6  7  8  9 10 |
---------------+-------------------------------+-----
Fighting       | 1 2 3 4 5 6 |  6.2
Ice Magic      | 5 6 7 8 9 10 | 10.0
Spellcasting   | 3 4 5 6 |  6.2
Conjurations   | 2 4 |  4.8
Dodging        | |  2.0
Stealth        | |  2.0

Action                   |  1- 3 |  4- 6 |  7- 9 | 10-12 || total
-------------------------+-------+-------+-------+-------++-------
Melee: Short sword       |     1 |       |       |       ||     1
       Unarmed           |     1 |       |       |       ||     1
       Whip              |    31 |    26 |       |       ||    57
       Spear             |       |   105 |    95 |     5 ||   205
       Flail             |       |       |   151 |    13 ||   164
 Cast: Freeze            |    32 |    13 |    45 |    11 ||   101
       Frozen Ramparts   |     4 |    14 |    23 |     5 ||    46
       Ozocubu's Armour  |       |     2 |    11 |     3 ||    16
       Hailstorm         |       |       |    20 |    16 ||    36
  Use: Scroll            |       |     6 |    10 |     2 ||    18
       Potion            |       |       |     4 |       ||     4
 Stab: Sleeping          |     3 |     4 |     4 |       ||    11
       Distracted        |       |       |     1 |       ||     1
Armor: Robe              |    17 |    62 |   133 |     4 ||   216
Dodge: Dodged            |    49 |   149 |   221 |    26 ||   445

Table legend: (Time is in decaauts)
 A = Elapsed time spent in this place.
 B = Non-inter-level travel time spent in this place.
 C = Inter-level travel time spent in this place.
 D = Time resting spent in this place.
 E = Time spent auto-exploring this place.
 F = Levels seen in this place.
 G = Mean time per level.
                   A        B        C        D        E       F      G
               +--------+--------+--------+--------+--------+-----+--------+
         Total |  10341 |   9779 |    562 |   1677 |   5670 |  11 |  940.1 |
       Dungeon |   8875 |   8354 |    521 |   1281 |   5371 |   8 | 1109.4 |
        Temple |    102 |     61 |     41 |      0 |     54 |   1 |  102.0 |
         Sewer |    461 |    461 |      0 |    140 |    117 |   1 |  461.0 |
       Ossuary |    901 |    901 |      0 |    256 |    127 |   1 |  901.0 |
               +--------+--------+--------+--------+--------+-----+--------+

Top non-repeatable levels by time:
     D:1: 1509 daAuts
     D:7: 1341 daAuts
     D:3: 1173 daAuts
     D:4: 1170 daAuts
     D:2: 1163 daAuts
     D:5: 1155 daAuts
     D:6: 1139 daAuts
 Ossuary: 901 daAuts
   Sewer: 461 daAuts
     D:8: 222 daAuts
  Temple: 102 daAuts
